 Dungeon Sprint DCSS version 0.17-a0-1997-ga88ed7d (webtiles) character file.

380 Adamkad1 the Covered (level 6, -5/51 HPs)
             Began as a Demonspawn Fighter on Oct 8, 2015.
             Was a Believer of Qazlal.
             Slain by a hill giant
             ... wielding a +0 giant club
              (19 damage)
             ... in the Dungeon (Sprint IX: "|||||||||||||||||||||||||||||").
             The game lasted 00:03:15 (842 turns).

Adamkad1 the Covered (Demonspawn Fighter)            Turns: 842, Time: 00:03:15

Health: -5/51      AC: 19    Str: 18    XL:     6   Next: 46%
Magic:  10/10      EV:  6    Int: 10    God:    Qazlal [**....]
Gold:   0          SH: 12    Dex: 12    Spells: 0 memorised, 5 levels left

rFire  . . .     SeeInvis .     u - +2 rapier (elec)
rCold  . . .     Clarity  .     r - +0 plate armour
rNeg   . . .     SustAt   .     c - +0 shield
rPois  .         Gourm    .     (no helmet)
rElec  .         Spirit   .     (no cloak)
rCorr  .         Warding  .     t - +0 pair of gloves
rMut   .         NoTele   +     s - +0 pair of boots
MR     .....                    (no amulet)
Stlth  ..........               (no ring)
                                (no ring)

@: not resistant to hostile enchantments, extremely unstealthy
A: talons 1, thin metallic scales 2
a: Upheaval, Renounce Religion


You were in the Dungeon.
You worshipped Qazlal.
Qazlal was pleased with you.
You were not hungry.

You visited 1 branch

Inventory:

Hand Weapons
 a - a +0 rapier
 u - a +2 rapier of electrocution (weapon)
Armour
 b - a +0 scale mail
 c - a +0 shield (worn)
 r - a +0 plate armour (worn)
 s - a +0 pair of boots (worn)
 t - a +0 pair of gloves (worn)
Magical Staves
 v - an uncursed staff of energy
Jewellery
 p - a +3 ring of intelligence
 q - a +3 ring of dexterity
Wands
 o - a wand of cold (7)
Scrolls
 k - 2 scrolls of blinking
 m - 3 scrolls of remove curse
 n - 2 scrolls of amnesia
Potions
 d - a potion of might
 f - 5 potions of curing
 g - 3 potions of heal wounds
 h - a potion of haste
 i - 4 potions of magic
 j - a potion of berserk rage
 l - a potion of invisibility
Comestibles
 e - a bread ration


   Skills:
 - Level 5.4 Fighting
 - Level 4.4 Short Blades
 - Level 7.4 Armour
 - Level 5.2 Dodging
 + Level 1.1 Stealth
 - Level 5.7 Shields
 * Level 6.5 Invocations


You had 5 spell levels left.
You didn't know any spells.

Dungeon Overview and Level Annotations

Branches:
Dungeon (1/1)

Altars:
Cheibriados
Dithmenos
Elyvilon
Fedhas
Gozag
Kikubaaqudgha
Makhleb
Nemelex Xobeh
Okawaru
Qazlal
Ru
Sif Muna
Trog
Vehumet
Xom
Yredelemnul
Zin
The Shining One
Beogh
Jiyva
Lugonu


Innate Abilities, Weirdness & Mutations

You have sharp toenails.
You are mostly covered in thin metallic scales (AC +3).


Message History

The hill giant is severely wounded.
The hill giant hits you but does no damage.
You hit the hill giant.
The hill giant is severely wounded.
You block the hill giant's attack.
You puncture the hill giant!
The hill giant is almost dead.
You block the hill giant's attack.
You hit the hill giant but do no damage.
The hill giant is almost dead.
You block the hill giant's attack.
You hit the hill giant.
The hill giant is almost dead.
You block the hill giant's attack.
You hit the hill giant.
The hill giant is almost dead.
You barely miss the hill giant.
The hill giant is almost dead.
The hill giant hits you with a giant club!!
You die...

▓.▓
▓T▓
▓D▓
▓l▓
▓Z▓
▓C▓
▓C▓
▓@▓
▓.▓
▓.▓
▓.▓
▓.▓
▓)▓
▓'▓
▓.▓
▓.▓


You could see 2 hill giants, a troll, a wyvern, a mottled dragon and an adder
zombie.

Vanquished Creatures
  A centaur (D)
  2 ogres (D)
  3 crimson imps (D)
  An iguana (D)
  A giant gecko (D)
  A bat skeleton (D)
  2 giant cockroaches (D)
  A goblin (D)
  A quokka (D)
  A giant newt (D)
  2 rats (D)
16 creatures vanquished.

Notes
Turn   | Place    | Note
--------------------------------------------------------------
     0 | D        | Adamkad1 the Demonspawn Fighter began the quest for the Orb.
     0 | D        | Reached XP level 1. HP: 18/18 MP: 1/1
    26 | D        | Noticed a crimson imp
    26 | D        | Noticed a crimson imp
    48 | D        | Gained mutation: You have sharp toenails. [demonic ancestry]
    48 | D        | Reached XP level 2. HP: 13/24 MP: 2/2
    73 | D        | Found a glowing silver altar of Zin.
    73 | D        | Found a glowing golden altar of the Shining One.
    73 | D        | Found an ancient bone altar of Kikubaaqudgha.
    73 | D        | Found a basalt altar of Yredelemnul.
    73 | D        | Found a shimmering altar of Xom.
    73 | D        | Found a radiant altar of Vehumet.
    74 | D        | Found an iron altar of Okawaru.
    75 | D        | Found a burning altar of Makhleb.
    76 | D        | Found a deep blue altar of Sif Muna.
    77 | D        | Found a bloodstained altar of Trog.
    78 | D        | Found a sparkling altar of Nemelex Xobeh.
    79 | D        | Found a white marble altar of Elyvilon.
    80 | D        | Found a roughly hewn altar of Beogh.
    82 | D        | Found a viscous altar of Jiyva.
    83 | D        | Found a corrupted altar of Lugonu.
    92 | D        | Killed a crimson imp
    92 | D        | Reached skill level 4 in Fighting
    92 | D        | Reached skill level 1 in Dodging
    92 | D        | Reached XP level 3. HP: 8/30 MP: 3/3
    96 | D        | Found a blossoming altar of Fedhas.
    97 | D        | Found a snail-covered altar of Cheibriados.
   110 | D        | Found a shadowy altar of Dithmenos.
   111 | D        | Found a stormy altar of Qazlal.
   112 | D        | Found an opulent altar of Gozag.
   117 | D        | Found a sacrificial altar of Ru.
   149 | D        | Became a worshipper of Qazlal Stormbringer
   303 | D        | Killed a crimson imp
   303 | D        | Reached XP level 4. HP: 19/38 MP: 4/4
   552 | D        | Noticed an ogre
   552 | D        | Noticed an ogre
   552 | D        | Noticed an iguana
   552 | D        | Noticed a centaur
   552 | D        | Noticed a crimson imp
   559 | D        | Killed a centaur
   559 | D        | Reached skill level 5 in Armour
   559 | D        | Reached skill level 5 in Shields
   559 | D        | Gained mutation: You are partially covered in thin metallic scales (AC +2). [demonic ancestry]
   559 | D        | Reached XP level 5. HP: 41/43 MP: 4/7
   564 | D        | Killed an iguana
   564 | D        | Acquired Qazlal's first power
   564 | D        | Reached skill level 6 in Armour
   566 | D        | Killed an ogre
   566 | D        | Reached skill level 5 in Fighting
   566 | D        | Reached skill level 5 in Invocations
   570 | D        | Killed an ogre
   570 | D        | Reached skill level 7 in Armour
   570 | D        | Reached skill level 5 in Dodging
   570 | D        | Reached skill level 1 in Stealth
   570 | D        | Gained mutation: You are mostly covered in thin metallic scales (AC +3). [demonic ancestry]
   570 | D        | Reached XP level 6. HP: 11/51 MP: 5/10
   574 | D        | Acquired Qazlal's second power
   628 | D        | Killed a crimson imp
   830 | D        | Noticed a troll
   830 | D        | Noticed a hill giant
   830 | D        | Noticed a mottled dragon
   830 | D        | Noticed a wyvern
   830 | D        | Noticed a hill giant
   842 | D        | Slain by a hill giant

Vault maps used:
D:        linesprint

Action                   |  1- 3 |  4- 6 || total
-------------------------+-------+-------++-------
Melee: Rapier            |   121 |    63 ||   184
